 Dungeon Crawl Stone Soup version 0.29.1-15-g9cfb28693d (webtiles) character file.

Game seed: 8513989604064711063

206 leafyfresh the Covert (level 5, -1/38 HPs)
             Began as an Octopode Delver on Mar 21, 2023.
             Slain by Dowan
             ... wielding a +0 dagger
              (4 damage)
             ... on level 4 of the Dungeon.
             The game lasted 00:00:40 (62 turns).

leafyfresh the Covert (Octopode Delver)               Turns: 62, Time: 00:00:40

Health: -1/38      AC:  1    Str: 11    XL:     5   Next: 84%
Magic:  5/5        EV: 14    Int: 15    God:
Gold:   6          SH:  0    Dex: 13    Spells: 4/4 levels left

rFire   . . .      SeeInvis .   a - +0 short sword
rCold   . . .      Faith    .   (no shield)
rNeg    . . .      Spirit   .   (helmet restricted)
rPois   .          Reflect  .   (no amulet)
rElec   .          Harm     .   (no ring)
rCorr   .          Rampage  .   (no ring)
Will    .....                   (no ring)
Stlth   +++++.....              (no ring)
HPRegen 0.12/turn               (no ring)
MPRegen 0.09/turn               (no ring)
                                (no ring)
                                (no ring)

@: no status effects
A: almost no armour, amphibious, 8 rings, camouflage 1, gelatinous body 1,
(nimble swimmer 1), tentacles
a: no special abilities


You were on level 4 of the Dungeon.
You visited 1 branch of the dungeon, and saw 2 of its levels.

You collected 6 gold pieces.

Inventory:

Hand Weapons
 a - a +0 short sword (weapon)
Wands
 f - a wand of digging (3)
Scrolls
 b - a scroll of fog
 d - a scroll of fear
 g - a scroll of immolation {unknown}
Potions
 e - a potion of haste


   Skills:
 + Level 4.3 Fighting
 - Level 2.0 Short Blades
 + Level 3.7 Dodging
 + Level 8.1 Stealth


You had 4 spell levels left.
You didn't know any spells.
Your spell library was empty.

Dungeon Overview and Level Annotations

Branches:
Dungeon (5/15)
 Temple: D:4-7

Altars:

Annotations:
D:4 Dowan


Innate Abilities, Weirdness & Mutations

You cannot wear most types of armour.
You are amphibious.
You can wear up to eight rings at the same time.
Your skin changes colour to match your surroundings (Stealth+).
Your rubbery body absorbs attacks. (AC +1, EV +1)
((You are camouflaged when in or above water. (Stealth+)))
You have tentacles for arms and can constrict up to eight enemies at once.


Message History

Dowan screams, "No!
No!"
Dowan seems to find hidden reserves of power!
Your Fighting skill increases to level 4!
Your Stealth skill increases to level 8!
You have reached level 5!
You feel clever. Dowan closely misses you.
You see here a hound corpse.
There is a stone staircase leading up here.
Dowan closely misses you. Dowan hits you but does no damage.
You climb upwards.
There is a stone staircase leading down here.
Unknown command.
You closely miss Dowan. Your grab misses Dowan. Dowan casts a spell at you.
The shard of ice hits you.
You hit Dowan. Your grab misses Dowan.
Dowan is lightly wounded.
Dowan hits you with a +0 dagger.
* * * LOW HITPOINT WARNING * * *
Dowan hits you with a +0 dagger.
* * * LOW HITPOINT WARNING * * *
You closely miss Dowan. Your grab misses Dowan. You squeeze Dowan!
Dowan is heavily wounded.
Dowan closely misses you.
Unknown command.
You hit Dowan. Your grab misses Dowan.
Dowan is severely wounded.
Dowan misses you. Dowan hits you with a +0 dagger.
* * * LOW HITPOINT WARNING * * *
You miss Dowan. Your grab misses Dowan.
Dowan is severely wounded.
Dowan says, "How can I live without her?"
Dowan hits you with a +0 dagger.
* * * LOW HITPOINT WARNING * * *
You hit Dowan but do no damage. Your grab misses Dowan.
Your squeeze misses Dowan.
Dowan is severely wounded.
Dowan barely misses you. Dowan hits you with a +0 dagger.
You die...

#########
#e.......
#@# #.#
#.# #.#
#.# #.#
#.# ..#


You could see Dowan (fast).

Vanquished Creatures
  Duvessa (D:5)
  A howler monkey (D:5)
  A hound (D:5)
  A jelly (D:5)
4 creatures vanquished.

Notes
Turn   | Place    | Note
-------+----------+-------------------------------------------
     0 | D:5      | leafyfresh the Octopode Delver began the quest for the Orb.
     0 | D:5      | Reached XP level 1. HP: 16/16 MP: 1/1
    16 | D:5      | Noticed a jelly
    16 | D:5      | Noticed a howler monkey
    22 | D:5      | Killed a howler monkey
    23 | D:5      | Reached skill level 7 in Stealth
    23 | D:5      | Reached XP level 2. HP: 21/21 MP: 2/2
    23 | D:5      | Reached XP level 3. HP: 26/26 MP: 3/3
    26 | D:5      | Reached XP level 4. HP: 33/33 MP: 4/4
    36 | D:5      | Noticed Duvessa
    39 | D:5      | Noticed Dowan
    52 | D:5      | Killed Duvessa
    53 | D:5      | Reached skill level 8 in Stealth
    53 | D:5      | Reached XP level 5. HP: 15/38 MP: 5/5
    62 | D:4      | Slain by Dowan

Illustrated notes

Levels and vault maps discovered:
D:4:      layout_basic, mainiacjoe_overflow_24_doors,
          lemuel_coloured_pillars_altar, grunt_temple_overflow_open,
          fountainhead, kennysheep_generic_room_11
D:5:      layout_basic, mainiacjoe_overflow_concentric_impassable,
          sword_in_stone, uniq_eustachio, uniq_grinder, uniq_duvessa

Skill      XL: |  1  2  3  4 |
---------------+-------------+-----
Stealth        | 7 8 |  8.1
Dodging        | 3 |  3.7
Fighting       | 4 |  4.3
Short Blades   | |  2.0

Action                   |  1- 3 |  4- 6 || total
-------------------------+-------+-------++-------
Melee: Short sword       |     3 |    16 ||    19
       Constrict         |     1 |     1 ||     2
       Tentacles         |       |     5 ||     5
  Use: Scroll            |       |     1 ||     1
 Stab: Sleeping          |     2 |     2 ||     4
Armor: Skin              |       |     1 ||     1
Dodge: Dodged            |     1 |     9 ||    10
